 Dungeon Crawl Stone Soup version 0.29-a0-468-ge57f7f99b4 (webtiles) character file.

Game seed: 18314024281366714690

55 avis the Chopper (level 3, -3/31 HPs)
             Began as a Hill Orc Monk on May 21, 2022.
             Slain by Grinder (8 damage)
             ... on level 3 of the Dungeon.
             The game lasted 00:05:02 (1880 turns).

avis the Chopper (Hill Orc Monk)                    Turns: 1880, Time: 00:05:03

Health: -3/31      AC:  8    Str: 15    XL:     3   Next: 93%
Magic:  3/3        EV: 11    Int: 10    God:
Gold:   61         SH:  0    Dex: 13    Spells: 2/2 levels left

rFire   . . .      SeeInvis .   a - +0 hand axe
rCold   . . .      Faith    .   (no shield)
rNeg    . . .      Spirit   .   o - +0 ring mail
rPois   .          Reflect  .   i - +1 helmet
rElec   .          Harm     .   (no cloak)
rCorr   .          Rampage  .   g - +0 pair of gloves
Will    .....                   (no boots)
Stlth   +.........              (no amulet)
HPRegen 0.10/turn               (no ring)
MPRegen 0.08/turn               (no ring)

@: attractive
A: no striking features
a: no special abilities


You were on level 3 of the Dungeon.
You visited 1 branch of the dungeon, and saw 3 of its levels.

You collected 61 gold pieces.

Inventory:

Hand Weapons
 a - a +0 hand axe (weapon)
 k - a +1 rapier of holy wrath
 t - a +0 spear
Missiles
 b - 58 stones (quivered)
Armour
 g - a +0 pair of gloves (worn)
 i - a +1 helmet (worn)
 o - a +0 ring mail (worn)
Scrolls
 e - a scroll of enchant armour {unknown}
 f - a scroll of magic mapping {unknown}
 h - a scroll of teleportation {unknown}
 j - a scroll of poison {unknown}
 l - a scroll of blinking {unknown}
 p - 2 scrolls of fog {unknown}
 r - 2 scrolls of identify {unknown}
Potions
 d - 3 potions of attraction
 m - a potion of brilliance {unknown}
 n - 2 potions of degeneration {unknown}
 q - a potion of curing {unknown}
 s - a potion of might {unknown}


   Skills:
 - Level 3.6 Fighting
 * Level 6.2 Axes
 - Level 2.4 Dodging
 - Level 1.5 Stealth


You had 2 spell levels left.
You didn't know any spells.
Your spell library contained the following spells:

 Spells                   Type           Power      Damage    Failure   Level
 Portal Projectile        Hex/Tloc       0%         N/A       92%         3
 Tukima's Dance           Hex            0%         N/A       92%         3
 Blade Hands              Tmut           0%         N/A       100%        5


Dungeon Overview and Level Annotations

Branches:
Dungeon (3/15)

Altars:
Sif Muna

Annotations:
D:3 Grinder


Message History

Pain shoots through your body!
You hit Grinder.
Grinder is moderately wounded.
Grinder misses you.
You closely miss Grinder.
Grinder is moderately wounded.
Grinder closely misses you.
You closely miss Grinder.
Grinder is moderately wounded.
Grinder hits you.
You hit Grinder.
Grinder is moderately wounded.
Grinder hits you.
* * * LOW HITPOINT WARNING * * *
You writhe in agony.
* * * LOW HITPOINT WARNING * * *
You are confused.
You feel invigorated. Grinder hits you.
* * * LOW HITPOINT WARNING * * *
You writhe in agony.
* * * LOW HITPOINT WARNING * * *
You bump into the rock wall.
Grinder hits you but does no damage.
You closely miss Grinder.
Grinder is moderately wounded.
Grinder gestures at you. You resist with significant effort.
You miss Grinder.
Grinder is moderately wounded.
Grinder misses you.
You're too confused to move!
You feel less invigorated.
You feel less confused. Grinder hits you!
You writhe in agony.
* * * LOW HITPOINT WARNING * * *
You hit Grinder but do no damage.
Grinder is moderately wounded.
Grinder hits you but does no damage.
It was a potion of attraction.
You feel attractive to monsters. Grinder hits you!
You die...

#........#### #######
#...........#### ##.....##
#........##....###.......##
#........#####..#.........#
########......#...........#
#####..............###
#................#
#..#.#.......).#.#
#.@#.##.......<†.#
#...5..........†#..#
#.....#.#............#
..........#..........#.#
.!####................#.. #
#.##................
#.#...# .#.........#.##.
#.....# .#.##........# .
.###.....## ......### ..


You could see Grinder.

Vanquished Creatures
  Natasha (D:3)
  3 ball pythons
  An endoplasm (D:2)
  2 giant cockroaches (D:2)
  3 goblins
  4 hobgoblins
  4 kobolds
  A quokka (D:2)
  6 bats
  A frilled lizard (D:2)
  2 rats
28 creatures vanquished.

Notes
Turn   | Place    | Note
-------+----------+-------------------------------------------
     0 | D:1      | avis the Hill Orc Monk began the quest for the Orb.
     0 | D:1      | Reached XP level 1. HP: 19/19 MP: 1/1
   302 | D:1      | Reached XP level 2. HP: 19/26 MP: 2/2
   960 | D:2      | Found a shimmering blue altar of Sif Muna.
  1006 | D:2      | Reached skill level 5 in Axes
  1496 | D:2      | Found a faded altar of an unknown god.
  1671 | D:2      | Reached XP level 3. HP: 27/31 MP: 3/3
  1766 | D:3      | Noticed Natasha
  1774 | D:3      | Killed Natasha
  1775 | D:3      | Reached skill level 6 in Axes
  1859 | D:3      | Noticed Grinder
  1880 | D:3      | Slain by Grinder

Illustrated notes

Levels and vault maps discovered:
D:1:      mrwooster_arrival_statue, layout_basic, minmay_misc_feat_doors
D:2:      layout_loops_cross, chequers_ecumenical_altar_island, basic_altar
D:3:      layout_rooms, mainiacjoe_overflow_six_doors_small, tgw_xom,
          uniq_natasha, uniq_crazy_yiuf_cottage, uniq_ijyb, uniq_grinder

Skill      XL: |  1  2  3 |
---------------+----------+-----
Axes           | 5 6 |  6.2
Fighting       | |  3.6
Dodging        | |  2.4
Stealth        | |  1.5

Action                   || total
-------------------------++-------
Melee: Hand axe          ||   101
       Punch             ||     1
  Use: Potion            ||     2
 Stab: Sleeping          ||     1
Armor: Robe              ||    11
       Ring mail         ||    30
Dodge: Dodged            ||    58

Table legend: (Time is in decaauts)
 A = Elapsed time spent in this place.
 B = Non-inter-level travel time spent in this place.
 C = Inter-level travel time spent in this place.
 D = Time resting spent in this place.
 E = Time spent auto-exploring this place.
 F = Levels seen in this place.
 G = Mean time per level.
                   A        B        C        D        E       F      G
               +--------+--------+--------+--------+--------+-----+--------+
         Total |   1903 |   1672 |    231 |    151 |   1094 |   3 |  634.3 |
       Dungeon |   1903 |   1672 |    231 |    151 |   1094 |   3 |  634.3 |
               +--------+--------+--------+--------+--------+-----+--------+

Top non-repeatable levels by time:
     D:2: 891 daAuts
     D:1: 884 daAuts
     D:3: 127 daAuts
